 Dungeon Crawl Stone Soup version 0.19.0-24-gb05acd6 (console) character file.

90066 Kloppie the Fencer (level 15, -1/192 HPs)
             Began as a Demonspawn Berserker on Nov 22, 2016.
             Was a High Priest of Trog.
             Slain by Rupert
             ... wielding a +0 great sword of electrocution
              (13 damage)
             ... on level 14 of the Dungeon.
             The game lasted 00:47:00 (27006 turns).

Kloppie the Fencer (Demonspawn Berserker)          Turns: 27006, Time: 00:47:01

Health: -1/192     AC: 31    Str: 23    XL:     15   Next: 51%
Magic:  5/5        EV: 11    Int: 10    God:    Trog [*****.]
Gold:   790        SH:  0    Dex: 21    Spells: 0 memorised, 14 levels left

rFire  . . .     SeeInvis +     a - +4 great sword (antimagic)
rCold  . . .     Gourm    .     y - +1 pearl dragon scales
rNeg   + . .     Faith    .     (shield currently unavailable)
rPois  .         Spirit   .     G - +2 hat
rElec  .         Reflect  .     m - +2 cloak
rCorr  +         Harm     .     H - +5 pair of gloves of the Morning Star {MR- Dex+4 SInv}
MR     ++++.                    w - +2 pair of boots
Stlth  ..........               (no amulet)
                                R - ring of Inlu {rCorr MR+}
                                e - ring of protection from magic

@: berserking, lethally poisoned (-1 -> -3), regenerating, very quick
A: claws 2, horns 2, talons 2, foul stench 1, powered by death 1, robust 1, rot
immunity
a: Berserk, Trog's Hand, Brothers in Arms, Burn Spellbooks, Renounce Religion


You were on level 14 of the Dungeon.
You worshipped Trog.
Trog was extremely pleased with you.
You were not hungry.

You visited 3 branches of the dungeon, and saw 22 of its levels.
You also visited: Trove.

You collected 2481 gold pieces.
You spent 1691 gold pieces at shops.

Inventory:

Hand Weapons
 a - a +4 antimagic great sword (weapon)
 b - a +4 scimitar of flaming
 A - the +6 triple sword of Responsibility {protect, +Blink rF- rC+ Int+2}
   (You found it on level 1 of the Lair of Beasts)

   It protects the one who uses it against injury (+AC on strike).
   It affects your intelligence (+2).
   It makes you vulnerable to fire.
   It protects you from cold.
   It lets you blink.
 N - a +7 antimagic triple sword
Armour
 m - a +2 cloak (worn)
 w - a +2 pair of boots (worn)
 y - +1 pearl dragon scales (worn)
 G - a +2 hat (worn)
 H - the +5 pair of gloves of the Morning Star (worn) {MR- Dex+4 SInv}
   (You found it on level 4 of the Lair of Beasts)

   It affects your dexterity (+4).
   It affects your resistance to hostile enchantments.
   It lets you see invisible.
Jewellery
 d - an uncursed ring of ice
 e - a ring of protection from magic (left hand)
 r - an uncursed ring of positive energy
 B - an uncursed ring of protection from cold
 R - the ring of Inlu (right hand) {rCorr MR+}
   (You bought it in a shop on level 2 of the Orcish Mines)

   [ring of resist corrosion]

   It affects your resistance to hostile enchantments.
Wands
 h - a wand of digging (21/24)
 D - a wand of disintegration (12/24)
 I - a wand of disintegration (10/24)
 Q - a wand of digging (10/24)
Scrolls
 k - 6 scrolls of enchant armour
 n - a scroll of recharging
 s - a scroll of blinking
 t - 6 scrolls of teleportation
 E - 4 scrolls of remove curse
 P - 3 scrolls of identify
 U - a scroll of fog
Potions
 i - 7 potions of curing
 o - 2 potions of might
 p - 3 potions of resistance
 v - a potion of cancellation
 z - 6 potions of agility
 K - 4 potions of flight
 M - 2 potions of haste
 S - a potion of degeneration {unknown}
Comestibles
 c - 14 bread rations
 g - 31 fruits
 j - a meat ration
 q - 13 beef jerkies
 O - 3 slices of pizza


   Skills:
 + Level 10.8 Fighting
 * Level 19.4 Long Blades
   Level 3.2 Polearms
 - Level 11.7 Armour
 - Level 1.7 Dodging


You had 14 spell levels left.
You didn't know any spells.

Dungeon Overview and Level Annotations

Branches:
Dungeon (14/15)            Temple (0/1) D:7            Lair (6/6) D:10
 Shoals (0/4) Lair:4       Spider (0/4) Lair:4        Slime (0/5) Lair:6
    Orc (2/2) D:11            Elf (0/3) Orc:2        Vaults (0/5) D:14

Altars:
Elyvilon
Fedhas
Hepliaklqana
Makhleb
Okawaru
Qazlal
Trog
Yredelemnul
Zin

Shops:
D:5 [   D:8 %   D:9 :   D:11 ?   D:13 %   Orc:2 [((=

Annotations:
D:14 Rupert, Urug
Lair:4 exclusion: 2 oklob plants


Innate Abilities, Weirdness & Mutations

You have very sharp fingernails.
You have a pair of horns on your head.
You have razor-sharp toenails.
You may emit foul miasma when damaged in melee.
You regenerate a little health from kills.
You are immune to rotting.
You are robust. (+10% HP)


Message History

You completely miss Rupert. Your headbutt misses Rupert.
Rupert is heavily wounded.
You feel sick.
Rupert hits you with a great sword of electrocution!
* * * LOW HITPOINT WARNING * * *
You slice Rupert!!
Rupert's magic leaks into the air.
You headbutt Rupert!
Rupert is severely wounded.
You feel very sick. Urug hits you but does no damage.
You are more poisoned.
You slash Rupert!
Rupert's magic leaks into the air.
Rupert is severely wounded.
You feel very sick.
Rupert hits you with a great sword of electrocution!!
* * * LOW HITPOINT WARNING * * *
You slice Rupert!!
Rupert's magic leaks into the air.
Rupert is almost dead.
You feel very sick.
Rupert hits you with a great sword of electrocution!
You die...

#.pp........ #....
...........# #.####....
......@....# #.........
...........# ######....
.....p.p...# #.... ##p#..#
###.# #po..# #.# #@####
#.# ###@#### #.# #......#
#.. #......###### #####
#######...........## #....
#.....<...[..####..###....
...#####...)).# ##..##....
#.).)..# ##..'....
#......# ####.... ####.###
#####


You could see Rupert (berserk), Urug and 3 humans.

Vanquished Creatures
  Gastronok (Lair:2)
  A stone giant (Orc:1)
  2 entropy weavers (Lair:6)
  Snorg (Lair:3)
  The ghost of vogonpoet the Fighter, a journeyman FoEE of Ashenzari (D:10)
  The ghost of Gaplan the Spear-Bearer, a journeyman MiFi of Okawaru (Lair:1)
  7 hydras
  Fannar (D:10)
  3 catoblepae (Lair:6)
  3 centaur warriors
  Erica (Orc:1)
  16 death yaks
  A queen ant (Lair:6)
  5 orc high priests (Orc:2)
  A skeletal warrior (D:14)
  An unseen horror (D:12)
  6 orc knights (Orc:2)
  4 ugly things
  3 deep elf magi
  10 hill giants
  A manticore (D:13)
  An orc sorcerer (Orc:1)
  3 cyclopes
  A wolf spider (Lair:4)
  13 elephants
  5 black mambas
  Maurice (Orc:2)
  Psyche (D:9)
  A torpor snail (Lair:5)
  10 spiny frogs
  2 centaur skeletons
  4 rime drakes
  9 komodo dragons
  A polar bear (Lair:6)
  5 trolls
  Grinder (D:3)
  7 hippogriffs
  3 blink frogs
  A vampire (D:11)
  50 yaks
  A water elemental (D:11)
  A wyvern (Lair:2)
  A centaur simulacrum (D:14)
  3 redbacks (Lair:4)
  A shadow (D:13)
  9 humans (D:14)
  A wraith (D:13)
  A basilisk (Lair:6)
  A fire elemental (Orc:2)
  A golden eye (Lair:6)
  17 soldier ants (Lair:6)
  9 water moccasins
  2 wargs (Orc:2)
  9 porcupines
  35 orc warriors
  A black bear (D:11)
  An eye of draining (D:13)
  2 ice beasts
  5 sky beasts
  3 phantoms
  7 ogres
  16 wolves
  8 centaurs
  14 crocodiles
  2 big kobolds
  2 elf zombies (D:13)
  12 bullfrogs
  A gnoll sergeant (D:10)
  4 scorpions
  24 killer bees
  7 wights
  10 electric eels
  10 howler monkeys
  4 crimson imps
  4 bullfrog zombies
  2 bullfrog skeletons
  A quasit (D:5)
  5 human zombies (D:13)
  3 jellies
  6 hounds
  41 orc priests
  25 orc wizards
  Terence (D:2)
  3 iguanas
  21 worker ants
  An ogre zombie (D:13)
  A howler monkey zombie (D:6)
  A worker ant zombie (D:6)
  Robin (D:2)
  16 adders
  21 gnolls
  7 shadow imps
  2 oozes
  An adder skeleton (D:9)
  An adder zombie (D:6)
  4 worms
  A dart slug (D:1)
  8 leopard geckos
  86 orcs
  10 bats
  4 giant cockroaches
  11 goblins
  9 hobgoblins
  8 jackals
  13 kobolds
  A quokka (D:9)
  3 ball pythons
  3 frilled lizards
  A jackal skeleton (D:4)
  An orc skeleton (D:13)
  3 rats
744 creatures vanquished.

Vanquished Creatures (collateral kills)
  A spiny frog (Lair:1)
  3 blink frogs (Lair:1)
4 creatures vanquished.

Vanquished Creatures (others)
  An eye of draining (D:10)
  A howler monkey (D:13)
  A quokka (D:10)
  18 fungi
  27 plants
48 creatures vanquished.

Grand Total: 796 creatures vanquished

Notes
Turn   | Place    | Note
-------+----------+-------------------------------------------
     0 | D:1      | Kloppie the Demonspawn Berserker began the quest for the Orb.
     0 | D:1      | Reached XP level 1. HP: 18/18 MP: 1/1
    78 | D:1      | Reached skill level 3 in Long Blades
   125 | D:1      | Gained mutation: You are immune to rotting. [demonic ancestry]
   125 | D:1      | Reached XP level 2. HP: 20/24 MP: 2/2
   853 | D:1      | Gained mutation: You have a pair of small horns on your head. [demonic ancestry]
   853 | D:1      | Reached XP level 3. HP: 24/29 MP: 3/3
  1087 | D:2      | Noticed Terence
  1106 | D:2      | Killed Terence
  1106 | D:2      | Reached skill level 4 in Long Blades
  1106 | D:2      | Reached XP level 4. HP: 12/36 MP: 4/4
  1519 | D:2      | Noticed Robin
  1526 | D:2      | Reached ** piety under Trog
  1543 | D:2      | Killed Robin
  2119 | D:3      | Reached XP level 5. HP: 42/42 MP: 5/5
  2120 | D:3      | Gained mutation: You are robust. (+10% HP) [potion of beneficial mutation]
  2132 | D:3      | Found a blossoming altar of Fedhas.
  2186 | D:3      | Reached skill level 5 in Long Blades
  2508 | D:3      | Noticed Grinder
  2511 | D:3      | Reached *** piety under Trog
  2538 | D:3      | Paralysed by Grinder for 5 turns
  2545 | D:3      | Killed Grinder
  2545 | D:3      | Reached skill level 6 in Long Blades
  2545 | D:3      | Reached XP level 6. HP: 20/55 MP: 6/6
  2580 | D:3      | Reached skill level 5 in Fighting
  2759 | D:3      | Gained mutation: You have sharp toenails. [demonic ancestry]
  2759 | D:3      | Reached XP level 7. HP: 61/61 MP: 7/7
  3552 | D:4      | Reached skill level 7 in Long Blades
  3967 | D:5      | Entered Level 5 of the Dungeon
  4075 | D:5      | Found Fidism's Armour Boutique.
  4189 | D:5      | Got a faintly humming ring mail
  4272 | D:5      | Gained mutation: You may emit foul miasma when damaged in melee. [demonic ancestry]
  4272 | D:5      | Reached XP level 8. HP: 59/70 MP: 8/8
  4566 | D:5      | Found a hazy altar of Hepliaklqana.
  4683 | D:5      | Reached skill level 8 in Long Blades
  4929 | D:6      | Received a gift from Trog
  5189 | D:6      | Reached skill level 9 in Long Blades
  5281 | D:6      | Reached **** piety under Trog
  5509 | D:6      | Identified the +7 ring mail "Jiobuman" {+Fly Stlth+} (You found it on level 5 of the Dungeon)
  5642 | D:7      | You fall through a shaft for 3 floors!
  5642 | D:10     | Entered Level 10 of the Dungeon
  5642 | D:10     | Noticed Fannar
  5666 | D:10     | Killed Fannar
  5666 | D:10     | Reached skill level 10 in Long Blades
  5666 | D:10     | Gained mutation: You have a pair of horns on your head. [demonic ancestry]
  5666 | D:10     | Reached XP level 9. HP: 79/79 MP: 9/9
  5688 | D:10     | Noticed a hill giant
  5690 | D:10     | Noticed a hill giant
  5893 | D:10     | Noticed a hill giant
  5905 | D:10     | Killed a hill giant
  6149 | D:10     | Found a stormy altar of Qazlal.
  6221 | D:10     | Noticed vogonpoet's ghost (journeyman FoEE)
  6245 | D:10     | Killed vogonpoet's ghost
  6245 | D:10     | Reached skill level 11 in Long Blades
  6245 | D:10     | Gained mutation: You have sharp fingernails. [demonic ancestry]
  6245 | D:10     | Reached XP level 10. HP: 54/90 MP: 10/10
  6553 | D:8      | Found Peutupt's Food Shoppe.
  7161 | D:7      | Found a staircase to the Ecumenical Temple.
  7385 | D:8      | Noticed a hill giant
  7391 | D:8      | Killed a hill giant
  7391 | D:8      | Reached skill level 12 in Long Blades
  7608 | D:8      | Reached ***** piety under Trog
  8404 | D:9      | Found a burning altar of Makhleb.
  8440 | D:9      | Found an iron altar of Okawaru.
  8451 | D:9      | Noticed Psyche
  8459 | D:9      | Killed Psyche
  8674 | D:9      | Found Figas's Book Shoppe.
  8893 | D:10     | Reached skill level 10 in Fighting
  8909 | D:10     | Reached XP level 11. HP: 94/99 MP: 11/11
  8980 | D:10     | Killed a hill giant
  8980 | D:10     | Reached skill level 13 in Long Blades
  9316 | D:10     | Noticed a hill giant
  9338 | D:10     | Killed a hill giant
  9635 | D:10     | Killed a hill giant
  9679 | D:10     | Found a staircase to the Lair.
 10011 | D:11     | Noticed a green ugly thing
 10043 | D:11     | Killed a green ugly thing
 10490 | D:11     | Reached skill level 14 in Long Blades
 10760 | D:11     | Found Cucil's Magic Scroll Shoppe.
 10850 | D:11     | Noticed a hill giant
 10864 | D:11     | Received a gift from Trog
 10883 | D:11     | Killed a hill giant
 10976 | D:11     | Noticed a hill giant
 10997 | D:11     | Killed a hill giant
 10997 | D:11     | Reached skill level 5 in Armour
 10998 | D:11     | Noticed a hill giant
 11007 | D:11     | Killed a hill giant
 11634 | D:11     | Found a staircase to the Orcish Mines.
 11702 | D:11     | Gained mutation: You have razor-sharp toenails. [demonic ancestry]
 11702 | D:11     | Reached XP level 12. HP: 106/106 MP: 4/12
 11885 | Lair:1   | Entered Level 1 of the Lair of Beasts
 11984 | Lair:1   | Noticed Gaplan's ghost (journeyman MiFi)
 11996 | Lair:1   | Killed Gaplan's ghost
 12254 | Lair:1   | Reached skill level 15 in Long Blades
 12465 | Lair:1   | HP: 2/106 [electric eel/bolt of electricity (10)]
 13347 | Lair:1   | Got a faintly glowing triple sword
 13348 | Lair:1   | Identified the +6 triple sword of Responsibility {protect, +Blink rF- rC+ Int+2} (You found it on level 1 of the Lair of Beasts)
 13480 | Lair:2   | Noticed a seven-headed hydra
 13496 | Lair:2   | Killed a seven-headed hydra
 13670 | Lair:2   | Got a fabulously ornate robe
 13671 | Lair:2   | Identified the cursed +1 robe of Four Ecinue {rPois rC++ Dex+2 Stlth-} (You found it on level 2 of the Lair of Beasts)
 13722 | Lair:2   | Noticed Gastronok
 13735 | Lair:2   | Killed Gastronok
 14421 | Lair:3   | Noticed Snorg
 14430 | Lair:3   | Killed Snorg
 14799 | Lair:3   | Noticed a death yak
 14801 | Lair:3   | Reached skill level 16 in Long Blades
 14803 | Lair:3   | Noticed a death yak
 14805 | Lair:3   | Noticed a death yak
 14805 | Lair:3   | Noticed a death yak
 14834 | Lair:3   | Killed a death yak
 14841 | Lair:3   | Killed a death yak
 14841 | Lair:3   | Gained mutation: You have very sharp fingernails. [demonic ancestry]
 14841 | Lair:3   | Reached XP level 13. HP: 85/113 MP: 4/13
 15968 | Lair:4   | Got a pair of shimmering gloves
 15969 | Lair:4   | Identified the +5 pair of gloves of the Morning Star {MR- Dex+4 SInv} (You found it on level 4 of the Lair of Beasts)
 16068 | Lair:4   | Found a staircase to the Shoals.
 16669 | Lair:4   | Reached skill level 17 in Long Blades
 16716 | Lair:4   | Found a hole to the Spider Nest.
 17509 | Lair:5   | Got a dazzling leather armour
 17519 | Lair:5   | Identified the +1 leather armour of Obbakeedd {rC+ MR- Str+2} (You found it on level 5 of the Lair of Beasts)
 17607 | Lair:5   | Reached skill level 1 in Polearms
 18541 | Orc:1    | Entered Level 1 of the Orcish Mines
 18541 | Orc:1    | Noticed Erica
 18548 | Orc:1    | Killed Erica
 18577 | Orc:1    | Received a gift from Trog
 18729 | Orc:1    | Noticed a stone giant
 18803 | Orc:1    | Killed a stone giant
 19294 | Orc:2    | Entered Level 2 of the Orcish Mines
 19378 | Orc:2    | Noticed Maurice
 19398 | Orc:1    | Gained mutation: You regenerate a little health from kills. [demonic ancestry]
 19398 | Orc:1    | Reached XP level 14. HP: 73/121 MP: 4/14
 19621 | Orc:2    | Paralysed by Maurice for 2 turns
 19635 | Orc:2    | Paralysed by Maurice for 4 turns
 19644 | Orc:2    | Killed Maurice
 19706 | Orc:2    | Reached skill level 10 in Armour
 19784 | Orc:2    | Found a staircase to the Elven Halls.
 21638 | Orc:2    | Found Bojirel's Antique Weapon Emporium.
 21638 | Orc:2    | Found Obushrepu's Antique Armour Emporium.
 21639 | Orc:2    | Found Egon's Jewellery Emporium.
 21639 | Orc:2    | Found Niqoirin's Weapon Shoppe.
 21653 | Orc:2    | Bought the ring of Inlu {rCorr MR+} for 521 gold pieces
 21968 | Lair:6   | Entered Level 6 of the Lair of Beasts
 22196 | Lair:6   | Reached skill level 18 in Long Blades
 23296 | Lair:6   | Received a gift from Trog
 23396 | Lair:6   | Found a staircase to the Slime Pits.
 23555 | Lair:6   | Reached XP level 15. HP: 105/126 MP: 5/15
 24315 | Lair:6   | Reached skill level 19 in Long Blades
 24361 | Lair:6   | Received a gift from Trog
 25358 | D:12     | Found a bloodstained altar of Trog.
 25515 | D:13     | Found Pustall's Food Shop.
 25804 | D:13     | Found a basalt altar of Yredelemnul.
 25840 | D:13     | Received a gift from Trog
 25973 | D:13     | Found a white marble altar of Elyvilon.
 26098 | D:13     | Found a portal to a secret trove of treasure.
 26446 | D:9      | Bought a book of the Dragon for 1170 gold pieces
 26584 | D:13     | You paid a toll of a book of the Dragon to enter a treasure trove
 26585 | Trove    | Entered a treasure trove
 26758 | D:14     | Found a glowing silver altar of Zin.
 26947 | D:14     | Found a gate to the Vaults.
 26948 | D:14     | Noticed Urug
 26965 | D:14     | Noticed Rupert
 27006 | D:14     | Slain by Rupert

Skill      XL: |  1  2  3  4  5  6  7  8  9 10 11 12 13 14 15 |
---------------+----------------------------------------------+-----
Long Blades    | 3 4 6 7 10 11 12 14 16 17 18 19 | 19.4
Fighting       | 4 5 7 8 10 | 10.8
Armour         | 5 7 9 11 | 11.7
Polearms       | 3 |  3.2
Dodging        | |  1.7

Action                   |  1- 3 |  4- 6 |  7- 9 | 10-12 | 13-15 || total
-------------------------+-------+-------+-------+-------+-------++-------
Melee: Falchion          |    85 |   150 |   340 |   693 |       ||  1268
       Headbutt          |     1 |    38 |    93 |   246 |   433 ||   811
       Great sword       |       |       |       |   256 |  1302 ||  1558
       Trident           |       |       |       |    15 |    59 ||    74
       Scimitar          |       |       |       |       |     3 ||     3
Invok: Berserk           |     2 |     4 |     9 |    14 |     9 ||    38
       Trog's Hand       |       |     1 |     3 |     8 |     7 ||    19
       Brothers in Arms  |       |       |       |     1 |       ||     1
Evoke: Wand              |       |       |       |       |     3 ||     3
  Use: Scroll            |       |    10 |    13 |     7 |    15 ||    45
       Potion            |       |     1 |       |     3 |       ||     4
 Stab: Sleeping          |     2 |       |       |       |       ||     2
       Distracted        |       |     2 |       |       |     1 ||     3
  Eat: Chunk             |     2 |     9 |    21 |    44 |    29 ||   105
       Meat ration       |       |       |       |       |     4 ||     4
       Bread ration      |       |       |       |       |     1 ||     1
Armor: Animal skin       |    16 |       |       |       |       ||    16
       Leather armour    |    35 |    71 |   105 |       |       ||   211
       Pearl dragon scal |       |       |    79 |   532 |  1050 ||  1661
Dodge: Dodged            |    67 |    95 |   182 |   478 |   627 ||  1449
       Rpst.: Falchion   |    22 |    27 |    50 |    86 |       ||   185
       Great sword       |       |       |       |    38 |   164 ||   202
